 Dungeon Crawl Stone Soup version 0.31-a0-746-ge8284cb111 (webtiles) character file.

Game seed: 12448736379233236734

8558 Gargoyl the Carver (level 11, -2/68 HPs)
             Began as a Gargoyle Berserker on Sept 14, 2023.
             Was a Priest of Trog.
             Slain by a basilisk (3 damage)
             ... on level 1 of the Lair of Beasts.
             The game lasted 00:12:13 (7652 turns).

Gargoyl the Carver (Gargoyle Berserker)             Turns: 7652, Time: 00:12:13

Health: -2/68      AC: 18    Str: 20    XL:     11   Next: 32%
Magic:  11/11      EV: 13    Int:  9    God:    Trog [***...]
Gold:   410        SH:  5    Dex: 19    Spells: 10/10 levels left

rFire   + . .        l - +1 demon blade (vamp)
rCold   . . .        A - +0 buckler
rNeg    + . .        x - +2 ring mail {rF+}
rPois   ∞            q - +0 helmet
rElec   +            (no cloak)
rCorr   .            (no gloves)
SInv    .            (no boots)
Will    ++...        y - amulet of magic regeneration
Stlth   ++           j - +6 ring of dexterity
HPRegen 1.31/turn    (no ring)
MPRegen 0.52/turn

%: no passive effects
@: strong-willed, regenerating, hasted, very quick
A: sickness immunity, AC +8, negative energy resistance 1, electricity
resistance, torment resistance 1, petrification resistance
a: Renounce Religion, Berserk, Trog's Hand


You were on level 1 of the Lair of Beasts.
You worshipped Trog.
Trog was most pleased with you.
You visited 2 branches of the dungeon, and saw 11 of its levels.

You collected 590 gold pieces.
You spent 180 gold pieces at shops.

Inventory:

Hand Weapons
 a - a +0 hand axe
 h - a +0 war axe
 l - a +1 vampiric demon blade (weapon)
Missiles
 k - 2 poisoned darts (quivered)
 n - a throwing net
Armour
 q - a +0 helmet (worn)
 x - a +2 ring mail of fire resistance (worn)
 A - a +0 buckler (worn)
Jewellery
 j - a +6 ring of dexterity (left hand)
 s - a ring of see invisible
 y - an amulet of magic regeneration (around neck)
Wands
 b - a wand of flame (2)
 p - a wand of light (7)
 r - a wand of mindburst (20)
Scrolls
 d - a scroll of enchant weapon
 e - 5 scrolls of teleportation
 u - 2 scrolls of blinking
Potions
 c - a potion of magic {unknown}
 f - 2 potions of cancellation {unknown}
 g - a potion of ambrosia {unknown}
 i - 4 potions of mutation {unknown}
 m - a potion of attraction {unknown}
 o - 2 potions of heal wounds {unknown}
 t - 3 potions of enlightenment {unknown}
 v - 4 potions of haste
 w - a potion of brilliance {unknown}
 z - a potion of degeneration {unknown}


   Skills:
 + Level 8.1 Fighting
 + Level 10.0 Long Blades
 + Level 6.6 Axes
 + Level 0.1 Throwing
 + Level 7.7 Armour
 + Level 5.2 Dodging
 + Level 2.4 Stealth
 + Level 2.2 Shields


You had 10 spell levels left.
You didn't know any spells.
Your spell library was empty.

Dungeon Overview and Level Annotations

Branches:
Dungeon (10/15)              Lair (1/5) D:9             Orc (0/2) D:9
 Temple: D:4-7

Altars:
Cheibriados
Fedhas
Kikubaaqudgha
Uskayaw
Wu Jian
Xom
The Shining One

Shops:
D:9 (


Innate Abilities, Weirdness & Mutations

You are immune to sickness and miasma.
Your stone body is resilient. (AC +8)
You are immune to poison.
You resist negative energy. (rN+)
You are resistant to electric shocks. (rElec)
You are resistant to unholy torment.
You are immune to petrification.


Message History

The basilisk bites you but does no damage.
You hit the polar bear but do no damage.
The polar bear is almost dead.
The polar bear bites you but does no damage.
The polar bear closely misses you. x2
The black mamba bites you but does no damage.
Unknown command.
You hit the polar bear but do no damage.
The polar bear is almost dead.
The black mamba bites you. The polar bear barely misses you.
You block the polar bear's attack. The polar bear claws you.
You block the basilisk's attack. The polar bear bites you!
The polar bear closely misses you. The polar bear barely misses you.
The black mamba closely misses you.
You completely miss the polar bear.
The polar bear is almost dead.
The black mamba closely misses you. The basilisk gazes at you.
You resist with some effort. You block the polar bear's attack.
The polar bear misses you.
The polar bear claws you but does no damage.
Your skin crawls.
You feel strong-willed. The black mamba bites you.
You block the polar bear's attack. The polar bear closely misses you.
The polar bear claws you but does no damage.
The basilisk gazes at you. You resist with almost no effort.
The black mamba bites you!
* * * LOW HITPOINT WARNING * * *
Unknown command.
It was a potion of haste.
You feel yourself speed up.
The polar bear bites you but does no damage.
The polar bear claws you.
* * * LOW HITPOINT WARNING * * *
The polar bear claws you.
* * * LOW HITPOINT WARNING * * *
The black mamba bites you!
* * * LOW HITPOINT WARNING * * *
The basilisk bites you.
You die...

.........###...........
.........# #..+........
.........# #..#........
.........# ##..#.###.#..
.........###...#........
#................# ...
#..............#.# ..
......S...##..##.# ..
#.....@..?......(
.....#)....hl##......#.
#....##........#.........
#+##...............#........
...................#........
........................#
........................#
<..............##.......+
.............#..D§......##


You could see a polar bear (berserk), a black mamba and a basilisk.

Vanquished Creatures
  A two-headed ogre (D:9)
  A black mamba (Lair:1)
  2 komodo dragons
  A rime drake (Lair:1)
  Prince Ribbit (Lair:1)
  5 blink frogs (Lair:1)
  11 yaks
  2 wyverns
  Duvessa (D:5)
  7 water moccasins
  4 orc warriors (D:9)
  2 ice beasts
  2 centaurs
  A kobold brigand (D:7)
  A phantom (D:4)
  6 bullfrogs
  3 scorpions
  7 wights
  Dowan (D:5)
  3 killer bees (D:8)
  5 howler monkeys
  4 hounds
  A jelly (D:5)
  7 orc priests
  Jessica (D:3)
  3 iguanas (D:5)
  3 orc wizards
  2 gnolls (D:6)
  7 adders
  3 white imps
  An ufetubus (D:4)
  A worm (D:5)
  A dart slug (D:4)
  36 orcs
  6 bats
  11 endoplasms
  2 giant cockroaches
  4 hobgoblins
  11 jackals
  14 kobolds
  5 quokkas
  11 ball pythons
  2 frilled lizards (D:1)
  6 goblins
  8 rats (D:1)
217 creatures vanquished.

Vanquished Creatures (collateral kills)
  A steam dragon (D:8)
1 creature vanquished.

Grand Total: 218 creatures vanquished

Notes
Turn   | Place    | Note
-------+----------+-------------------------------------------
     0 | D:1      | Gargoyl the Gargoyle Berserker began the quest for the Orb.
     0 | D:1      | Reached XP level 1. HP: 14/14 MP: 1/1
    71 | D:1      | Reached XP level 2. HP: 7/19 MP: 2/2
    74 | D:1      | Found a faded altar of an unknown god.
   284 | D:1      | Reached XP level 3. HP: 21/24 MP: 3/3
   576 | D:1      | Reached ** piety under Trog
   940 | D:2      | Reached XP level 4. HP: 27/29 MP: 4/4
  1571 | D:3      | Noticed Jessica
  1579 | D:3      | Killed Jessica
  1598 | D:3      | Reached XP level 5. HP: 33/33 MP: 5/5
  1789 | D:3      | Identified the +10 hand axe of Distant Shores {flame, rF+
                  | rC++ Int-2 SInv Stlth+}
  1830 | D:3      | Found a blossoming altar of Fedhas.
  2135 | D:4      | Reached *** piety under Trog
  2190 | D:4      | Noticed a phantom
  2207 | D:4      | Killed a phantom
  2209 | D:4      | Reached XP level 6. HP: 38/38 MP: 6/6
  2488 | D:4      | Identified the ring of Mocec {Ice Fly rElec Str-4 Dex+4}
  2720 | D:5      | Entered Level 5 of the Dungeon
  2826 | D:5      | Reached skill level 5 in Axes
  2903 | D:5      | Noticed a water moccasin
  2913 | D:5      | Killed a water moccasin
  2914 | D:5      | Reached XP level 7. HP: 44/44 MP: 7/7
  2969 | D:5      | Found a snail-covered altar of Cheibriados.
  3030 | D:5      | Noticed Duvessa
  3031 | D:5      | Noticed Dowan
  3040 | D:5      | Killed Duvessa
  3041 | D:5      | Reached skill level 1 in Stealth
  3051 | D:5      | Killed Dowan
  3415 | D:5      | Reached skill level 5 in Fighting
  3415 | D:5      | Reached XP level 8. HP: 49/49 MP: 8/8
  3704 | D:5      | Found a shimmering altar of Xom.
  4194 | D:6      | Reached skill level 1 in Long Blades
  4337 | D:6      | Found a glowing golden altar of the Shining One.
  4346 | D:6      | Identified the +1 ring mail "Wasaz" {-Tele rC+ Regen+
                  | Dex+2}
  4359 | D:6      | You fall into a shaft and drop 1 floor!
  4463 | D:6      | Reached skill level 2 in Long Blades
  4483 | D:6      | Reached skill level 3 in Long Blades
  4723 | D:7      | Reached **** piety under Trog
  4724 | D:7      | Reached skill level 4 in Long Blades
  4724 | D:7      | Reached skill level 5 in Armour
  4872 | D:7      | Reached XP level 9. HP: 54/54 MP: 9/9
  4893 | D:7      | Identified the +12 dagger of Friendship {heavy, rF+}
  5284 | D:8      | Reached skill level 5 in Long Blades
  5358 | D:8      | Reached skill level 6 in Long Blades
  6009 | D:9      | Found a hide-covered altar of Uskayaw.
  6130 | D:9      | Noticed a komodo dragon
  6148 | D:9      | Killed a komodo dragon
  6149 | D:9      | Reached skill level 7 in Long Blades
  6149 | D:9      | Reached XP level 10. HP: 61/61 MP: 10/10
  6167 | D:10     | Entered Level 10 of the Dungeon
  6211 | D:9      | Found an ancient bone altar of Kikubaaqudgha.
  6465 | D:9      | Reached skill level 8 in Long Blades
  6466 | D:9      | Found a staircase to the Orcish Mines.
  6514 | D:9      | Found Rilul's Antique Weapon Shop.
  6524 | D:9      | Bought a runed hand axe for 180 gold pieces
  6597 | D:9      | Found a staircase to the Lair.
  6751 | D:9      | Found an ornate altar of the Wu Jian Council.
  6780 | D:9      | Noticed a two-headed ogre
  6790 | D:9      | Killed a two-headed ogre
  6889 | Lair:1   | Entered Level 1 of the Lair of Beasts
  6889 | Lair:1   | Noticed a black mamba
  6901 | Lair:1   | Killed a black mamba
  6907 | Lair:1   | Reached skill level 1 in Shields
  6955 | Lair:1   | Reached skill level 9 in Long Blades
  6955 | Lair:1   | Reached skill level 5 in Dodging
  7072 | Lair:1   | Reached XP level 11. HP: 49/68 MP: 11/11
  7238 | Lair:1   | Noticed Prince Ribbit
  7260 | Lair:1   | Killed Prince Ribbit
  7268 | Lair:1   | Noticed a seven-headed hydra
  7611 | Lair:1   | Reached skill level 10 in Long Blades
  7652 | Lair:1   | HP: 1/68 [black mamba (11)]
  7652 | Lair:1   | Slain by a basilisk

Illustrated notes

Levels and vault maps discovered:
D:1:      onia_arrival_handbag, layout_loops_ring,
          nicolae_ecumenical_snake_handling, st_stairs_11
D:2:      layout_loops_ring
D:3:      layout_rooms, fedhas_ov_isle_minmay, uniq_jessica
D:4:      layout_rooms, serial_forest, infiniplex_forest_corner_1,
          infiniplex_forest_straight_3, infiniplex_forest_split,
          infiniplex_forest_clump_cross, infiniplex_forest_pool,
          infiniplex_forest_clump_double, infiniplex_forest_straight_3,
          infiniplex_forest_lined_room_2, minivault_23, minmay_quantized
D:5:      layout_basic, general_overflow_altar, cheibrodos_worm_habitat,
          minmay_fractal_squares_gapless_5, uniq_duvessa
D:6:      layout_basic, mainiacjoe_overflow_alcove_1,
          minmay_temple_entry_glassed_door, uniq_blork_the_orc
D:7:      layout_rooms
D:8:      layout_basic
D:9:      layout_rooms, lemuel_coloured_pillars_altar,
          nicolae_overflow_crystal_walls, kiku_gazebo_pond_becter,
          grunt_lair_entry_orc_guard_hut, david_orc_2, serial_shops, shop
D:10:     layout_long_grid, nicolae_overflow_hidden_temple, chequers_avenue,
          kennysheep_generic_room_4
Lair:1:   layout_chaotic_city, minmay_lair_oklob_bushes, beast_lair_carwin_10,
          grunt_megastairs_3, uniq_prince_ribbit2

Skill      XL: |  1  2  3  4  5  6  7  8  9 10 11 |
---------------+----------------------------------+-----
Axes           | 3 4 5 6 |  6.6
Dodging        | 2 3 4 5 |  5.2
Fighting       | 4 5 6 7 8 |  8.1
Armour         | 3 4 5 6 7 |  7.7
Stealth        | 1 2 |  2.4
Long Blades    | 4 7 9 10 | 10.0
Shields        | 1 2 |  2.2
Throwing       | |  0.1

Action                     |  1- 3 |  4- 6 |  7- 9 | 10-12 || total
---------------------------+-------+-------+-------+-------++-------
  Melee: Hand axe          |   131 |    73 |       |       ||   204
         War axe           |       |   132 |    40 |       ||   172
         Punch             |       |     3 |     3 |       ||     6
         Demon blade       |       |       |   272 |   273 ||   545
  Throw: Dart              |       |       |     2 |       ||     2
 Invoke: Berserk           |     2 |     2 |     6 |     4 ||    14
         Trog's Hand       |       |     1 |     6 |     9 ||    16
         Brothers in Arms  |       |       |     1 |       ||     1
    Use: Scroll            |     1 |     2 |     5 |     5 ||    13
         Potion            |       |       |     4 |     1 ||     5
   Stab: Sleeping          |       |       |       |     1 ||     1
 Armour: Animal skin       |    79 |     2 |       |       ||    81
         Chain mail        |       |    34 |       |       ||    34
         Ring mail         |       |   133 |   270 |   271 ||   674
  Dodge: Dodged            |   108 |   144 |   229 |   221 ||   702
  Block: Buckler           |       |       |       |    35 ||    35

Table legend: (Time is in decaauts)
 A = Elapsed time spent in this place.
 B = Non-inter-level travel time spent in this place.
 C = Inter-level travel time spent in this place.
 D = Time resting spent in this place.
 E = Time spent auto-exploring this place.
 F = Levels seen in this place.
 G = Mean time per level.
                   A        B        C        D        E       F      G
               +--------+--------+--------+--------+--------+-----+--------+
         Total |   7856 |   7650 |    206 |    842 |   4527 |  11 |  714.2 |
       Dungeon |   7112 |   6907 |    205 |    532 |   4379 |  10 |  711.2 |
          Lair |    744 |    744 |      0 |    310 |    148 |   1 |  744.0 |
               +--------+--------+--------+--------+--------+-----+--------+

Top non-repeatable levels by time:
     D:5: 1371 daAuts
     D:9: 1063 daAuts
     D:1: 897 daAuts
     D:8: 772 daAuts
  Lair:1: 744 daAuts
     D:2: 715 daAuts
     D:4: 624 daAuts
     D:7: 607 daAuts
     D:3: 563 daAuts
     D:6: 463 daAuts
    D:10: 32 daAuts
